AoeStats
← [NICE_ASS] BigMasi

Arabia

510393182Analyzed
1v1 RM · 1d ago on Sep 30, 2026· 59m 7s· 2 players
Game mode
Random Map
Map size
Tiny (2 player)
Population
200
Speed
Normal
Resources
Standard
Victory
Conquest
Starting age
Dark Age
Ending age
Imperial Age
RankedLock teamsTeams togetherTeam positionsShared explorationLock speedFull tech treeHidden civsTurbo modeCheats
Victory
Defeat
🇨🇳 Saracens · China
1353
+16
🇨🇭 Jurchens · Switzerland
1360
-16
小里
7:11 Loom
9:42 Feudal Age
9:45 Man-at-Arms
15:47 Fletching
16:37 Town Watch
18:54 Padded Archer Armor
19:20 Double-Bit Axe
19:17 Horse Collar
24:17 Castle Age
24:18 Crossbowman
24:54 Bodkin Arrow
25:54 Leather Archer Armor
26:58 Ballistics
28:59 Bow Saw
37:37 Imperial Age
38:16 Wheelbarrow
37:40 Arbalester
39:26 Chemistry
39:07 Thumb Ring
39:44 Bracer
42:02 Ring Archer Armor
41:51 Elite Skirmisher
43:38 Conscription
44:49 Scale Barding Armor
46:23 Chain Barding Armor
48:02 Plate Barding Armor
47:15 Light Cavalry
50:15 Forging
50:18 Bloodlines
53:07 Iron Casting
53:01 Husbandry
54:47 Hand Cart
55:43 Hussar
[NICE_ASS] BigMasi
7:53 Loom
10:15 Feudal Age
12:34 Double-Bit Axe
16:43 Fletching
20:10 Horse Collar
24:34 Castle Age
23:18 Padded Archer Armor
23:48 Gold Mining
25:10 Bodkin Arrow
25:30 Leather Archer Armor
24:49 Crossbowman
31:05 Wheelbarrow
30:55 Bow Saw
32:34 Elite Skirmisher
33:14 Elite Skirmisher
37:00 Ballistics
38:02 Wheelbarrow
40:57 Imperial Age
42:35 Bracer
44:24 Conscription
45:15 Chemistry
46:22 Hand Cart
47:53 Ring Archer Armor
49:18 Scale Mail Armor
49:46 Forging
49:39 Squires
49:26 Arson
51:41 Chain Mail Armor
52:23 Iron Casting
51:38 Gambesons
53:17 Heavy Rocket Cart
55:45 Blast Furnace
54:09 Elite Fire Lancer
55:01 Siege Engineers
55:06 Masonry
54:42 Capped Ram
58:47 Pikeman
Connection lost

Rejoining the realm…

Still unreachable

The connection could not be restored.

Session expired

The server has moved on; the page needs a fresh start.